 Dungeon Crawl Stone Soup version 0.21-a0-442-g848f44b (webtiles) character file.

422 theanonym the Cleaver (level 6, -2/51 HPs)
             Began as a Minotaur Chaos Knight on Nov 16, 2017.
             Killed from afar by Ijyb (11 damage)
             ... with a wand of acid (?/15)
             ... on level 3 of the Dungeon.
             The game lasted 00:04:49 (1815 turns).

theanonym the Cleaver (Minotaur Chaos Knight)       Turns: 1815, Time: 00:04:50

Health: -2/51      AC: 12    Str: 19    XL:     6   Next: 63%
Magic:  0/5        EV:  7    Int:  9    God:    Xom [.....*]
Gold:   123        SH:  0    Dex:  9    Spells: 5/5 levels left

rFire    . . .     SeeInvis .   a - +0 hand axe (chaos)
rCold    . . .     Gourm    .   (no shield)
rNeg     . . .     Faith    .   o - +0 chain mail
rPois    +         Spirit   +   (helmet restricted)
rElec    .         Reflect  .   b - +1 cloak {rPois}
rCorr    .         Harm     .   g - +0 pair of gloves
MR       .....                  (no boots)
Stlth    ..........             k - amulet of guardian spirit {Spirit}
HPRegen  0.17/turn              (no ring)
MPRegen  0.09/turn              (no ring)

@: about to teleport
A: retaliatory headbutt, horns 2
a: Renounce Religion


Innate Abilities, Weirdness & Mutations

You reflexively headbutt those who attack you in melee.
You have a pair of horns on your head.


   Skills:
 - Level 3.6 Fighting
 + Level 9.1 Axes
 - Level 2.4 Armour
 - Level 1.1 Dodging


You had 5 spell levels left.
You didn't know any spells.

Skill      XL: |  1  2  3  4  5  6 |
---------------+-------------------+-----
Axes           | 4 5 7 8 9 |  9.1
Fighting       | |  3.6
Armour         | |  2.4
Dodging        | |  1.1

Action                   |  1- 3 |  4- 6 || total
-------------------------+-------+-------++-------
Melee: Hand axe          |    92 |    46 ||   138
       Headbutt          |    12 |     5 ||    17
Throw: Throwing net      |       |     1 ||     1
  Use: Scroll            |     3 |     2 ||     5
       Potion            |       |     2 ||     2
 Stab: Paralysed         |     1 |       ||     1
  Eat: Chunk             |     1 |     2 ||     3
Armor: Leather armour    |     8 |       ||     8
       Ring mail         |    20 |     3 ||    23
       Chain mail        |       |    14 ||    14
Dodge: Dodged            |    40 |    15 ||    55

Inventory:

Hand Weapons
 a - a +0 hand axe of chaos (weapon)
Armour
 b - a +1 cloak of poison resistance (worn)
   (You took it off Crazy Yiuf on level 2 of the Dungeon)
 g - a +0 pair of gloves (worn)
   (You found it on level 3 of the Dungeon)
 o - a +0 chain mail (worn)
   (You found it on level 2 of the Dungeon)
Jewellery
 k - an amulet of guardian spirit (around neck) {Spirit}
   (You found it on level 1 of the Dungeon)
Scrolls
 l - a scroll of remove curse
 m - a scroll of amnesia {unknown}
 n - 2 scrolls of magic mapping {unknown}
Potions
 h - a potion of might
Books
 p - a book of Conjurations
   (You found it on level 3 of the Dungeon)

   Spells                             Type                      Level
   a - Magic Dart                     Conjuration                  1
   b - Searing Ray                    Conjuration                  2
   c - Dazzling Spray                 Conjuration/Hexes            3
   d - Fulminant Prism                Conjuration/Hexes            4
   e - Force Lance                    Conjuration/Translocation    4
   f - Iskenderun's Mystic Blast      Conjuration                  4
Comestibles
 c - a bread ration
 d - 3 fruits
 f - 14 chunks of flesh
 j - a royal jelly

Dungeon Overview and Level Annotations

Branches:
Dungeon (3/15)

Altars:
Fedhas
Qazlal
Uskayaw
Xom

Annotations:
D:3 Ijyb


You were on level 3 of the Dungeon.
You worshipped Xom.
You were Xom's teddy bear.
You were not hungry.

You visited 1 branch of the dungeon, and saw 3 of its levels.

You collected 123 gold pieces.


Message History

You finish putting on your +1 cloak of poison resistance.
You feel resistant to poison.
Unknown command.
You butcher the hobgoblin corpse.
f - 8 chunks of flesh (gained 3)
You see here a club. x2
You butcher the felid corpse of Natasha.
f - 10 chunks of flesh (gained 2) Xom complains about the scenery.
You now have 123 gold pieces (gained 13).
n - 2 scrolls labeled TIAMAI OLEWU (gained 1)
You feel a little less mighty now.
A goblin comes into view. It is wielding a dagger.
The goblin shouts!
You hear a shout!
The goblin moves out of view.
A kobold comes into view.
The kobold shouts!
The kobold throws a stone.
The stone hits you but does no damage.
You see here a stone.
There are monsters nearby!
The kobold throws a stone.
The stone hits you but does no damage.
You see here a stone.
The goblin hits you but does no damage.
A hobgoblin comes into view.
You closely miss the goblin.
The hobgoblin shouts!
The goblin hits you but does no damage.
You slash the goblin!
You kill the goblin!
A frilled lizard comes into view.
The frilled lizard hisses angrily.
The kobold hits you but does no damage.
You hit the kobold but do no damage.
The kobold is poisoned.
The kobold hits you.
You take 2 damage, and have 49/51 hp.
Your chain mail prevents you from hitting the kobold.
You headbutt the kobold.
You kill the kobold!
You barely miss the hobgoblin.
The hobgoblin hits you but does no damage.
Your chain mail prevents you from hitting the hobgoblin.
The hobgoblin barely misses you.
You hit the hobgoblin.
The hobgoblin seems to slow down.
The hobgoblin is no longer moving slowly.
You barely miss the hobgoblin. You hit the frilled lizard.
You burn the frilled lizard.
You kill the frilled lizard!
The hobgoblin hits you but does no damage.
You hit the hobgoblin.
The hobgoblin hits you but does no damage.
You slash the hobgoblin!
You kill the hobgoblin!
No target in view!
Unknown command.
You butcher the hobgoblin corpse.
f - 12 chunks of flesh (gained 2)
Things that are here:
a dagger; a goblin corpse; Health restored: 51 You butcher the goblin corpse.
f - 14 chunks of flesh (gained 2)
Things that are here:
a dagger; a goblin skeleton
Things that are here:
a dagger; a goblin skeleton
p - a book of Conjurations Ijyb the Twisted Goblin comes into view.
She is wielding a club.
Ijyb is nearby!
Ijyb is nearby!
Ijyb is nearby!
A rat comes into view.
Ijyb zaps a wand.
The bolt of acid hits you!
You are splashed with acid!
The acid burns!
* * * LOW HITPOINT WARNING * * *
It is a wand of acid (?/15).
A bat comes into view.
You take 27 damage, and have 24/51 hp.
MASSIVE DAMAGE!!
You now have 3/5 mp.
Aim: Ijyb, wielding a club, wearing a leather armour and carrying a wand of acid (?/15) {zapped: 1} You throw a throwing net.
The throwing net closely misses Ijyb.
The throwing net barely misses the bat.
Firing (i - inventory): No suitable missiles.
Aim: Ijyb, wielding a club, wearing a leather armour and carrying a wand of acid (?/15) {zapped: 1}
Okay, then.
Unknown command.
You feel much better. The bat hits you but does no damage.
You regained 11 hp, and now have 35/51 hp.
The bat hits you but does no damage.
Ijyb zaps a wand.
The bolt of acid hits the bat.
The bat is splashed with acid.
The acid corrodes the bat!
The bat dies!
The bolt of acid hits you!
* * * LOW HITPOINT WARNING * * *
You are splashed with acid!
The acid burns!
* * * LOW MAGIC WARNING * * *;
* * * LOW HITPOINT WARNING * * *
You take 26 damage, and have 9/51 hp.
MASSIVE DAMAGE!!
You now have 1/5 mp.
Okay, then.
As you read the scroll labeled GONENT DEIKK, it crumbles to dust.
You feel strangely unstable.
It was a scroll of teleportation.
Ijyb zaps a wand.
The bolt of acid hits you!
* * * LOW MAGIC WARNING * * *
You die...

..........#
..........# #.#
(.........## ..
...........# #.
....g..r...# #.
...........#
#.......# .
...........#
#.......# # #....#
#.......# # #@...#
#.......### #....#
#..........
##....###..........
#...............###
#..................
#.........(##...###
#.........(##...#..
#..........##...#.#
#.........)##._...#


You could see Ijyb and a rat.

Notes
Turn   | Place    | Note
-------+----------+-------------------------------------------
     0 | D:1      | theanonym the Minotaur Chaos Knight began the quest for the Orb.
     0 | D:1      | Reached XP level 1. HP: 19/19 MP: 0/0
    39 | D:1      | Reached skill level 4 in Axes
   202 | D:1      | Reached XP level 2. HP: 26/26 MP: 1/1
   217 | D:1      | XOM: silly message
   517 | D:1      | XOM is BORED!
   517 | D:1      | XOM: harmless Hex miscast
   608 | D:1      | XOM: divination: detect items
   663 | D:1      | Reached skill level 5 in Axes
   672 | D:1      | Reached XP level 3. HP: 31/31 MP: 2/2
   856 | D:2      | XOM: potion effect (haste)
  1070 | D:2      | Found a blossoming altar of Fedhas.
  1143 | D:2      | Found a hide-covered altar of Uskayaw.
  1222 | D:2      | Noticed Sigmund
  1231 | D:2      | Killed Sigmund
  1231 | D:2      | Reached skill level 7 in Axes
  1231 | D:2      | Reached XP level 4. HP: 34/39 MP: 1/3
  1231 | D:2      | Reached XP level 5. HP: 39/45 MP: 1/4
  1396 | D:2      | Reached skill level 8 in Axes
  1438 | D:2      | Reached XP level 6. HP: 50/51 MP: 5/5
  1496 | D:2      | Found a stormy altar of Qazlal.
  1559 | D:2      | Found a runed door.
  1647 | D:2      | Noticed Crazy Yiuf
  1652 | D:2      | Killed Crazy Yiuf
  1704 | D:2      | XOM: harmless Pois miscast
  1705 | D:2      | XOM: scenery: 1 doors close
  1724 | D:3      | Noticed Natasha
  1729 | D:3      | Killed Natasha
  1729 | D:3      | Reached skill level 9 in Axes
  1765 | D:3      | XOM: scenery: create altars
  1810 | D:3      | Noticed Ijyb
  1811 | D:3      | HP: 24/51 [acid (6)]
  1814 | D:3      | HP: 9/51 [acid (13)]
  1815 | D:3      | Killed from afar by Ijyb

Vanquished Creatures
  Sigmund (D:2)
  An ogre (D:3)
  A jelly (D:2)
  Crazy Yiuf (D:2)
  Natasha (D:3)
  2 adders (D:2)
  An ooze (D:1)
  2 worms (D:2)
  3 dart slugs
  2 leopard geckos (D:2)
  An orc (D:2)
  A ball python (D:2)
  4 giant cockroaches (D:2)
  8 goblins
  7 hobgoblins
  7 jackals (D:1)
  A quokka (D:2)
  3 bats
  4 frilled lizards
  6 kobolds
  6 rats
63 creatures vanquished.

Vanquished Creatures (others)
  A bat (D:3)
1 creature vanquished.

Grand Total: 64 creatures vanquished
